 Dungeon Crawl Stone Soup version 0.28.0-43-g3370ac3207 (webtiles) character file.

Game seed: 11297665250940988190

1239 crimpus the Quickloader (level 8, -4/46 HPs)
             Began as a Kobold Arcane Marksman on Mar 27, 2022.
             Slain by a large abomination (10 damage)
             ... on level 2 of the Abyss.
             The game lasted 00:11:09 (6144 turns).

crimpus the Quickloader (Kobold Arcane Marksman)    Turns: 6144, Time: 00:11:12

Health: -4/46      AC:  6    Str: 11    XL:     8   Next: 78%
Magic:  10/10      EV: 17    Int: 14    God:
Gold:   166        SH:  0    Dex: 19    Spells: 6/10 levels left

rFire   . . .      SeeInvis .   z - +10 hand axe "Hejon" {distort, Str+3 Dex+2 Stlth+}
rCold   . . .      Faith    .   (no shield)
rNeg    . . .      Spirit   .   d - +0 robe
rPois   .          Reflect  .   (no helmet)
rElec   .          Harm     .   m - +1 cloak
rCorr   .          Rampage  .   f - +1 pair of gloves
Will    .....                   (no boots)
Stlth   +++.......              (no amulet)
HPRegen 0.15/turn               (no ring)
MPRegen 0.12/turn               (no ring)

@: very slow
A: small, no large weapons, nightstalker 3
a: no special abilities


You were on level 2 of the Abyss.
You visited 1 branch of the dungeon, and saw 4 of its levels.
You visited the Abyss 1 time.
You also visited: Ossuary.

You collected 166 gold pieces.

Inventory:

Hand Weapons
 a - a +2 hand crossbow
 p - a +2 dagger of protection
 z - the +10 hand axe "Hejon" (weapon) {distort, Str+3 Dex+2 Stlth+}
   (You found it on level 4 of the Dungeon)

   It warps and distorts space around it, and may blink, banish, or inflict
   extra damage upon those it strikes.
   Unwielding it can cause banishment or high damage.
   Str:       It affects your strength (+3).
   Dex:       It affects your dexterity (+2).
   Stlth:     It makes you more stealthy.
 A - the +10 short sword of Revolt {speed, rF+ rCorr Dex+2}
   (You found it on level 4 of the Dungeon)

   Attacks with this weapon are significantly faster.
   Dex:       It affects your dexterity (+2).
   rF:        It protects you from fire.
   rCorr:     It protects you from acid and corrosion.
Missiles
 c - 10 bolts
Armour
 d - a +0 robe (worn)
 f - a +1 pair of gloves (worn)
 m - a +1 cloak (worn)
Jewellery
 i - a ring of fire
 j - an amulet of magic regeneration
 k - a ring of flight
 y - an amulet of magic regeneration
Wands
 o - a wand of flame (16)
Scrolls
 g - 2 scrolls of teleportation
 l - 2 scrolls of vulnerability
 q - 2 scrolls of identify
 s - a scroll of summoning
 w - 2 scrolls of fear
Potions
 b - a potion of flight {unknown}
 e - a potion of invisibility {unknown}
 h - a potion of might {unknown}
 n - a potion of degeneration {unknown}
 r - 2 potions of lignification {unknown}
 t - a potion of resistance {unknown}
 u - 2 potions of heal wounds
 v - a potion of haste {unknown}
 x - a potion of ambrosia {unknown}


   Skills:
 + Level 3.4 Fighting
 - Level 0.1 Axes
 - Level 9.6 Crossbows
 * Level 4.5 Dodging
 * Level 4.8 Stealth
 - Level 1.7 Spellcasting
 + Level 3.0 Hexes
 - Level 1.1 Translocations


You had 6 spell levels left.
You knew the following spells:

 Your Spells              Type           Power      Damage    Failure   Level
a - Slow                  Hex            36%        N/A       7%          1
b - Portal Projectile     Hex/Tloc       14%        N/A       30%         3

Your spell library contained the following spells:

 Spells                   Type           Power      Damage    Failure   Level
 Inner Flame              Hex/Fire       5%         N/A       36%         3
 Cause Fear               Hex            4%         N/A       56%         4


Dungeon Overview and Level Annotations

Branches:
Dungeon (4/15)            Ossuary (visited)
 Temple: D:4-7

Altars:
Uskayaw

Shops:
D:3 =


Innate Abilities, Weirdness & Mutations

You are small and have problems with some larger weapons.
You are completely attuned to the shadows.


Message History

You are suddenly pulled into a different region of the Abyss!
You start resting.
Unknown command.
You start resting.
HP restored.
Why would you want to do that?
You enter the shallow water.
Moving in this stuff is going to be slow.
An iron imp comes into view.
A chaos spawn comes into view.
The iron imp shouts!
You hit the iron imp.
The iron imp wobbles for a moment.
The iron imp is lightly wounded.
You hear a chilling moan.
You hear a roar!
The iron imp barely misses you.
Your unstable footing causes you to fumble your attack.
The iron imp hits you!
A smoke demon comes into view.
Your unstable footing causes you to fumble your attack.
The iron imp splashes around in the water.
The smoke demon gestures at you. The sticky flame hits you!
You are engulfed in a cloud of scalding steam.
The chaos spawn closely misses you. The iron imp closely misses you.
A worldbinder comes into view.
The chaos spawn hits you but does no damage.
A large abomination comes into view.
The iron imp misses you. The smoke demon gestures at you.
The sticky flame hits you! The iron imp misses you.
The chaos spawn closely misses you. 2 flying skulls come into view.
The flying skull gives a hideous shriek! x2
The smoke demon gestures at you. Something smites you!
* * * LOW HITPOINT WARNING * * *
The large abomination completely misses you.
The iron imp hits you but does no damage.
The large abomination hits you!
You die...

≈≈≈≈≈≈≈≈≈
≈≈≈≈≈≈≈≈≈
≈z≈≈≈z≈§≈
≈≈≈≈≈≈§≈#
≈≈♣x≈3≈≈#
≈≈≈♣♣45§≈#
≈≈≈≈≈@≈♣≈#
≈≈≈≈≈≈X#≈#
≈≈≈.♣≈≈≈##
≈≈≈≈...#.#
≈≈≈.#....#
≈≈#.#.≈#..#
. ..P......
# ########


You could see a large abomination, a worldbinder, a smoke demon, a chaos spawn,
2 flying skulls and an iron imp.

Vanquished Creatures
  Eustachio (D:4)
  Menkaure (D:4)
  7 scorpions (Ossuary)
  A human zombie (Ossuary)
  A quasit (Abyss:2)
  A small abomination (Abyss:2)
  A centaur skeleton (D:4)
  2 iguanas
  Ijyb (D:4)
  4 scorpion zombies (Ossuary)
  3 mummies (Ossuary)
  A howler monkey skeleton (D:4)
  4 gnolls
  An adder (D:3)
  3 dart slugs
  An orc (D:4)
  8 ball pythons
  5 endoplasms
  7 giant cockroaches
  A gnoll zombie (Ossuary)
  A goblin (D:3)
  6 hobgoblins
  5 jackals
  7 kobolds
  A quokka (D:3)
  6 bats
  A frilled lizard (D:3)
  4 goblin zombies
  2 hobgoblin zombies (Ossuary)
  2 orc zombies (Ossuary)
  3 rats
92 creatures vanquished.

Vanquished Creatures (collateral kills)
  A scorpion (Ossuary)
  A gnoll zombie (Ossuary)
  A goblin zombie (Ossuary)
3 creatures vanquished.

Grand Total: 95 creatures vanquished

Notes
Turn   | Place    | Note
-------+----------+-------------------------------------------
     0 | D:1      | crimpus the Kobold Arcane Marksman began the quest for the
                  | Orb.
     0 | D:1      | Reached XP level 1. HP: 12/12 MP: 2/2
   108 | D:1      | Reached XP level 2. HP: 12/16 MP: 3/3
   228 | D:1      | Reached skill level 1 in Stealth
   283 | D:1      | Reached skill level 3 in Crossbows
   765 | D:1      | Reached XP level 3. HP: 20/20 MP: 4/4
  1178 | D:2      | Found a faded altar of an unknown god.
  1364 | D:2      | Reached skill level 4 in Crossbows
  1369 | D:2      | Reached XP level 4. HP: 25/25 MP: 5/5
  2004 | D:3      | Found Vyzuqul's Jewellery Shop.
  2328 | D:3      | Found a hide-covered altar of Uskayaw.
  2374 | D:3      | Reached XP level 5. HP: 29/29 MP: 6/6
  2707 | D:3      | Reached skill level 5 in Crossbows
  2829 | D:4      | Noticed Ijyb
  2835 | D:4      | Killed Ijyb
  2995 | D:4      | Found a sand-covered staircase.
  3001 | Ossuary  | Entered an ossuary
  3306 | Ossuary  | Reached XP level 6. HP: 35/35 MP: 7/7
  3356 | Ossuary  | Reached skill level 6 in Crossbows
  3825 | Ossuary  | Reached XP level 7. HP: 29/40 MP: 8/8
  3926 | Ossuary  | Reached skill level 7 in Crossbows
  4265 | Ossuary  | Reached skill level 8 in Crossbows
  4513 | Ossuary  | Reached XP level 8. HP: 22/45 MP: 9/9
  4928 | D:4      | Learned a level 3 spell: Portal Projectile
  5134 | D:4      | Noticed Menkaure
  5139 | D:4      | Killed Menkaure
  5140 | D:4      | Reached skill level 9 in Crossbows
  5518 | D:4      | Identified the +10 hand axe "Hejon" {distort, Str+3 Dex+2
                  | Stlth+}
  5544 | D:4      | Noticed Eustachio
  5806 | D:4      | Killed Eustachio
  5807 | D:4      | Reached skill level 1 in Translocations
  5810 | D:4      | Identified the +10 short sword of Revolt {speed, rF+ rCorr
                  | Dex+2}
  5812 | D:4      | Cast into level 2 of the Abyss (unwielding a weapon of
                  | distortion)
  5836 | Abyss:2  | Noticed a bone dragon
  5873 | Abyss:2  | Found a snail-covered altar of Cheibriados.
  5925 | Abyss:2  | Noticed a large abomination
  6140 | Abyss:2  | Noticed a smoke demon
  6142 | Abyss:2  | Noticed a worldbinder
  6142 | Abyss:2  | Noticed a large abomination
  6144 | Abyss:2  | Noticed a flying skull
  6144 | Abyss:2  | Noticed a flying skull
  6144 | Abyss:2  | Slain by a large abomination

Illustrated notes

Levels and vault maps discovered:
D:1:      lordsloth_arrival_two_stooges, layout_basic, serial_curves,
          eino_curves_03, eino_curves_01
D:2:      layout_basic, basic_ecumenical_altar
D:3:      layout_basic, mainiacjoe_overflow_alcove_2, serial_shops,
          nicolae_shop_trees, serial_corexii_hall, chequers_hall_statues_wall_a,
          corexii_hall_statues_deadend, chequers_hall_statues_y,
          corexii_hall_statues_t, dk_noncrumbling_2, minmay_misc_feat_enclosed
D:4:      minmay_clustersquares, layout_loops_cross,
          mainiacjoe_overflow_tiny_flanked, enter_ossuary_4,
          hangedman_decor_peaks_small, uniq_ijyb, uniq_eustachio, uniq_grinder,
          uniq_menkaure
Abyss:2:  base: D:3, abyss_greek_temple

Skill      XL: |  1  2  3  4  5  6  7  8 |
---------------+-------------------------+-----
Stealth        | 1 2 3 4 |  4.8
Crossbows      | 3 4 5 6 8 9 |  9.6
Dodging        | 3 4 |  4.5
Fighting       | 2 3 |  3.4
Translocations | 1 |  1.1
Axes           | |  0.1
Spellcasting   | |  1.7
Hexes          | |  3.0

Action                   |  1- 3 |  4- 6 |  7- 9 || total
-------------------------+-------+-------+-------++-------
Melee: Hand axe          |       |       |    21 ||    21
       Punch             |       |       |     1 ||     1
 Fire: Hand crossbow     |    66 |   107 |   112 ||   285
  Use: Scroll            |     4 |     3 |     2 ||     9
       Potion            |       |     3 |     1 ||     4
Armor: Robe              |     6 |    15 |    18 ||    39
Dodge: Dodged            |    27 |    37 |    74 ||   138
